 Dungeon Crawl Stone Soup version 0.28.0 (webtiles) character file.

Game seed: 4405036826714274102

30 Ablot the Grasshopper (level 3, -2/29 (31) HPs)
             Began as a Gnoll Warper on Feb 17, 2022.
             Slain by a necrophage (5 damage)
             ... on level 1 of the Dungeon.
             The game lasted 00:01:50 (662 turns).

Ablot the Grasshopper (Gnoll Warper)                 Turns: 662, Time: 00:01:51

HP:   -2/29 (31)    AC:  3    Str: 12    XL:     3   Next: 18%
MP:   7/9           EV: 12    Int: 16    God:
Gold: 23            SH:  0    Dex: 11    Spells: 12/12 levels left

rFire   . . .      SeeInvis +   f - +6 hunting sling "Ysefemm" {vorpal, rPois Int+4 SInv}
rCold   . . .      Faith    .   (no shield)
rNeg    . . .      Spirit   .   b - +0 leather armour
rPois   +          Reflect  .   (no helmet)
rElec   .          Harm     .   (no cloak)
rCorr   .          Rampage  .   (no gloves)
Will    .....                   (no boots)
Stlth   +.........              (no amulet)
HPRegen 0.09/turn               (no ring)
MPRegen 0.11/turn               (no ring)

@: drained
A: fangs 1, strong nose, distributed training
a: no special abilities


You were on level 1 of the Dungeon.
You visited 1 branch of the dungeon, and saw 2 of its levels.

You collected 23 gold pieces.

Inventory:

Hand Weapons
 a - a +0 spear
 f - the +6 hunting sling "Ysefemm" (weapon) {vorpal, rPois Int+4 SInv}
   (You found it on level 2 of the Dungeon)

   Any ammunition fired from it inflicts extra damage upon your enemies.
   Int:       It affects your intelligence (+4).
   rPois:     It protects you from poison.
   SInv:      It lets you see invisible.
Missiles
 d - 5 boomerangs of dispersal
 e - 31 stones (quivered ammo)
Armour
 b - a +0 leather armour (worn)
Scrolls
 c - a scroll of blinking
 g - a scroll of enchant armour {unknown}
Potions
 h - a potion of lignification {unknown}


   Skills:
 + Level 4.5 Fighting
 + Level 0.6 Short Blades
 + Level 0.6 Long Blades
 + Level 0.6 Axes
 + Level 0.6 Maces & Flails
 + Level 4.5 Polearms
 + Level 0.6 Staves
 + Level 0.6 Slings
 + Level 0.6 Bows
 + Level 0.6 Crossbows
 + Level 2.5 Throwing
 + Level 2.5 Armour
 + Level 4.5 Dodging
 + Level 0.6 Stealth
 + Level 0.6 Shields
 + Level 0.6 Unarmed Combat
 + Level 5.0 Spellcasting
 + Level 0.4 Conjurations
 + Level 0.4 Hexes
 + Level 0.4 Summonings
 + Level 0.4 Necromancy
 + Level 5.4 Translocations
 + Level 0.4 Transmutations
 + Level 0.4 Fire Magic
 + Level 0.4 Ice Magic
 + Level 0.4 Air Magic
 + Level 0.4 Earth Magic
 + Level 0.4 Poison Magic
 + Level 0.8 Invocations
 + Level 0.6 Evocations


You had 12 spell levels left.
You didn't know any spells.
Your spell library contained the following spells:

 Spells                   Type           Power      Damage    Failure   Level
 Blink                    Tloc           42%        N/A       3%          2
 Gell's Gravitas          Tloc           21%        N/A       6%          3
 Lesser Beckoning         Tloc           21%        N/A       6%          3
 Teleport Other           Tloc           21%        N/A       6%          3
 Manifold Assault         Tloc           21%        N/A       52%         5


Dungeon Overview and Level Annotations

Branches:
Dungeon (2/15)

Altars:

Shops:
D:1 :


Innate Abilities, Weirdness & Mutations

You have very sharp teeth.
Your uncanny sense of smell can sniff out nearby items.
Your experience applies equally to all skills.


Message History

Fire: 36 stones
Press: ? - help, Shift-Dir - straight line, f/p - adder
Aim: an adder (almost dead, 50% to hit)
You shoot a stone. The stone hits the adder.
You kill the adder!
Your Spellcasting skill increases to level 5!
You have reached level 3!
Your experience leads to an increase in your attributes!
Your base attributes are Str 10, Int 12, Dex 11.
Increase (S)trength, (I)ntelligence, or (D)exterity?
You feel stronger. x2
Unknown command.
Fire: 35 stones
Press: ? - help, Shift-Dir - straight line, f - necrophage
Aim: a necrophage (65% to hit)
You shoot a stone. The stone hits the quokka.
You kill the quokka!
Unknown command.
Fire: 34 stones
Press: ? - help, Shift-Dir - straight line, f/p - necrophage
Aim: a necrophage (65% to hit)
You shoot a stone.
The stone completely misses the necrophage.
The necrophage hits you.
You feel drained.
Unknown command.
Fire: 33 stones
Press: ? - help, Shift-Dir - straight line, f/p - necrophage
Aim: a necrophage (65% to hit)
You shoot a stone. The stone hits the necrophage.
The necrophage is lightly damaged.
The necrophage hits you.
* * * LOW HITPOINT WARNING * * *
You feel drained.
* * * LOW HITPOINT WARNING * * *
Fire: 32 stones
Press: ? - help, Shift-Dir - straight line, f/p - necrophage
Aim: a necrophage (lightly damaged, 65% to hit)
You shoot a stone. The stone barely misses the necrophage.
The necrophage closely misses you. The necrophage hits you.
You die...

....... ∆ .###### # ##########
#. ####........# ..
...........#
#.#.#.#####........#####
.......@n(...>(.........
#.#.#.########.#.####### # #
...............
#.###############.#.######
#.#.......................
#........########.#.######
#........###.)..).........
####........#....†.........#.
∆........#..................#.


You could see a necrophage.

Vanquished Creatures
  An adder (D:1)
  A dart slug (D:1)
  A ball python (D:1)
  2 giant cockroaches (D:1)
  A goblin (D:1)
  5 hobgoblins
  A quokka (D:1)
  2 frilled lizards
  2 kobolds
  A rat (D:1)
17 creatures vanquished.

Notes
Turn   | Place    | Note
-------+----------+-------------------------------------------
     0 | D:1      | Ablot the Gnoll Warper began the quest for the Orb.
     0 | D:1      | Reached XP level 1. HP: 20/20 MP: 6/6
    64 | D:1      | Reached XP level 2. HP: 20/26 MP: 7/7
   430 | D:1      | Found Xoickux's Book Emporium.
   447 | D:1      | You fall into a shaft and drop 1 floor!
   526 | D:2      | Identified the +6 hunting sling "Ysefemm" {vorpal, rPois
                  | Int+4 SInv}
   634 | D:2      | Noticed a necrophage
   659 | D:1      | Reached skill level 5 in Spellcasting
   659 | D:1      | Reached XP level 3. HP: 16/31 MP: 7/9
   662 | D:1      | Slain by a necrophage

Illustrated notes

Levels and vault maps discovered:
D:1:      dpeg_arrival_oval, layout_basic, chequers_ecumenical_altar_island,
          serial_shops, nicolae_square_shop
D:2:      layout_loops_ring

Skill      XL: |  1  2 |
---------------+-------+-----
Spellcasting   | 5 |  5.0
Fighting       | |  4.5
Short Blades   | |  0.6
Long Blades    | |  0.6
Axes           | |  0.6
Maces & Flails | |  0.6
Polearms       | |  4.5
Staves         | |  0.6
Slings         | |  0.6
Bows           | |  0.6
Crossbows      | |  0.6
Throwing       | |  2.5
Armour         | |  2.5
Dodging        | |  4.5
Stealth        | |  0.6
Shields        | |  0.6
Unarmed Combat | |  0.6
Conjurations   | |  0.4
Hexes          | |  0.4
Summonings     | |  0.4
Necromancy     | |  0.4
Translocations | |  5.4
Transmutations | |  0.4
Fire Magic     | |  0.4
Ice Magic      | |  0.4
Air Magic      | |  0.4
Earth Magic    | |  0.4
Poison Magic   | |  0.4
Invocations    | |  0.8
Evocations     | |  0.6

Action                   || total
-------------------------++-------
Melee: Spear             ||    55
       Bite              ||     3
 Fire: Hunting sling     ||     9
 Stab: Sleeping          ||     1
Armor: Leather armour    ||    10
Dodge: Dodged            ||    32
